 Dungeon Crawl Stone Soup version 0.26-b1-25-gafae2e710b (webtiles) character file.

Game seed: 12793177655976832201

55 prey the Slasher (level 3, 0/34 HPs)
             Began as a Minotaur Berserker on Jan 3, 2021.
             Was a Follower of Trog.
             Slain by a gnoll
             ... wielding a +0 halberd
              (2 damage)
             ... on level 2 of the Dungeon.
             The game lasted 00:04:11 (1108 turns).

prey the Slasher (Minotaur Berserker)               Turns: 1108, Time: 00:04:11

Health: 0/34       AC:  5    Str: 21    XL:     3   Next: 67%
Magic:  2/2        EV: 11    Int:  5    God:    Trog [*.....]
Gold:   67         SH:  0    Dex:  9    Spells: 2/2 levels left

rFire    . . .     SeeInvis .   a - +0 falchion
rCold    . . .     Faith    .   (no shield)
rNeg     . . .     Spirit   .   d - +0 ring mail
rPois    .         Reflect  .   (helmet restricted)
rElec    .         Harm     .   (no cloak)
rCorr    .         Rampage  .   (no gloves)
Will     .....                  (no boots)
Stlth    ..........             (no amulet)
HPRegen  0.11/turn              (no ring)
MPRegen  0.08/turn              (no ring)

@: berserk cooldown, slowed, very slow
A: retaliatory headbutt, horns 2
a: Renounce Religion, Berserk


You were on level 2 of the Dungeon.
You worshipped Trog.
Trog was aware of your devotion.
You visited 1 branch of the dungeon, and saw 2 of its levels.

You collected 67 gold pieces.

Inventory:

Hand Weapons
 a - a +0 falchion (weapon)
 c - a +0 hunting sling
Armour
 b - a +0 animal skin
 d - a +0 ring mail (worn)
 g - a cursed +0 chain mail
 h - a +0 scale mail
 i - a +0 ring mail
Jewellery
 m - an uncursed ring of flight {unknown}
 p - a +6 ring of intelligence {unknown}
Scrolls
 e - a scroll of noise {unknown}
 j - a scroll of magic mapping {unknown}
 k - a scroll of fear {unknown}
 l - a scroll of identify {unknown}
 q - 3 scrolls of teleportation {unknown}
Potions
 f - a potion of haste {unknown}
 n - a potion of berserk rage {unknown}
 o - a potion of curing {unknown}


   Skills:
 + Level 4.4 Fighting
 + Level 4.7 Long Blades
 + Level 2.7 Armour
 + Level 2.4 Dodging


You had 2 spell levels left.
You didn't know any spells.
Your spell library was empty.

Dungeon Overview and Level Annotations

Branches:
Dungeon (2/15)

Altars:


Innate Abilities, Weirdness & Mutations

You reflexively headbutt those who attack you in melee.
You have a pair of horns on your head.


Message History

a +0 spear; a gnoll corpse You closely miss the hobgoblin.
The hobgoblin hits you.
* * * LOW HITPOINT WARNING * * *
The goblin hits you with a +0 club.
* * * LOW HITPOINT WARNING * * *
The gnoll hits you but does no damage.
The hobgoblin hits you but does no damage.
You closely miss the hobgoblin. The goblin closely misses you.
A hobgoblin comes into view.
The gnoll barely misses you. You furiously retaliate!
You headbutt the gnoll, but do no damage.
The hobgoblin hits you.
* * * LOW HITPOINT WARNING * * *
The goblin barely misses you.
The hobgoblin moves out of view.
You hit the hobgoblin. Your headbutt misses the hobgoblin.
The hobgoblin is moderately wounded.
The hobgoblin hits you.
* * * LOW HITPOINT WARNING * * *
The gnoll hits you with a +0 halberd.
You die...

#.. .. .. #..## ##. g##
### #... .. <... .....
#..##.#..# #.#.#
#......g.# #.#.#
#.g......# #.#.#
##gg####.# #.#.#
#ggg....#####.#.#
########@#####.......#.#
#......)g....##........##
#.#######.##.###.........
#........................
#..######.##.#...........
#..######.##.#.#.###..###
#..#....#.##.#.#.# #....+
#..#....#.##.#.#.####.###
#........................


You could see 2 gnolls, a hobgoblin and 4 goblins.

Vanquished Creatures
  3 gnolls
  An ooze (D:1)
  A dart slug (D:1)
  2 goblins (D:2)
  2 hobgoblins (D:1)
  2 kobolds (D:1)
  6 bats
  4 frilled lizards (D:1)
  2 rats (D:1)
23 creatures vanquished.

Notes
Turn   | Place    | Note
-------+----------+-------------------------------------------
     0 | D:1      | prey the Minotaur Berserker began the quest for the Orb.
     0 | D:1      | Reached XP level 1. HP: 19/19 MP: 0/0
   311 | D:1      | Reached XP level 2. HP: 27/27 MP: 1/1
   756 | D:1      | Reached XP level 3. HP: 33/33 MP: 2/2
  1108 | D:2      | Slain by a gnoll

Illustrated notes

Levels and vault maps discovered:
D:1:      matt_arrival_los_fun, layout_basic, hex_tiny, lemuel_old_faithful
D:2:      layout_basic, uniq_robin

Skill      XL: |  1 |
---------------+----+-----
Fighting       | 4 |  4.4
Long Blades    | 4 |  4.7
Armour         | |  2.7
Dodging        | |  2.4

Action                   || total
-------------------------++-------
Melee: Falchion          ||    42
       Headbutt          ||    12
Invok: Berserk           ||     1
Armor: Animal skin       ||     2
       Ring mail         ||     8
Dodge: Dodged            ||    31
       Rpst.: Falchion   ||     4
